 Dungeon Crawl Stone Soup version 0.30-a0-883-g5ad918d77d (webtiles) character file.

Game seed: 16031853030014539245

186 cforsyth the Ogre Mage (level 5, 0/67 HPs)
             Began as an Ogre Fire Elementalist on Mar 17, 2023.
             Was an Initiate of Vehumet.
             Succumbed to a scorpion's poison
             ... on level 3 of the Dungeon.
             The game lasted 00:04:15 (4153 turns).

cforsyth the Ogre Mage (Ogre Fire Elementalist)     Turns: 4153, Time: 00:04:16

Health: 0/67       AC:  3    Str: 12    XL:     5   Next: 65%
Magic:  3/10       EV: 10    Int: 18    God:    Vehumet [......]
Gold:   228        SH:  0    Dex:  9    Spells: 8/11 levels left

rFire   + . .      SeeInvis .    (no weapon)
rCold   . . .      Faith    .    (no shield)
rNeg    + . .      Spirit   .    a - +0 robe
rPois   .          Reflect  .    (helmet restricted)
rElec   .          Rampage  .    (no cloak)
rCorr   .                        (gloves unavailable)
Will    .....                    (boots unavailable) Stlth
                                 (no amulet)
HPRegen 0.31/turn                e - ring of protection from fire
MPRegen 0.12/turn                g - ring of positive energy

@: berserking (expiring), lethally poisoned (0 -> -12), very quick
A: large, unfitting armour, tough skin 1
a: Renounce Religion


You were on level 3 of the Dungeon.
You worshipped Vehumet.
Vehumet was noncommittal.
You visited 1 branch of the dungeon, and saw 3 of its levels.

You collected 228 gold pieces.

Inventory:

Hand Weapons
 s - the +8 mace of Inference {heavy, *Corrode rN+ Dex+5}
   (You found it on level 3 of the Dungeon)

   Dex:       It affects your dexterity (+5).
   rN:        It protects you from negative energy.
   *Corrode:  It may corrode you when you take damage.
Armour
 a - a +0 robe (worn)
Jewellery
 e - a ring of protection from fire (left hand)
 g - a ring of positive energy (right hand)
 o - an amulet of faith
Wands
 r - a wand of iceblast (6)
Scrolls
 d - a scroll of identify {unknown}
 f - a scroll of amnesia {unknown}
 h - a scroll of enchant weapon {unknown}
 j - 3 scrolls of magic mapping {unknown}
 k - a scroll of blinking {unknown}
 l - a scroll of fear {unknown}
 m - a scroll of teleportation {unknown}
 p - a scroll of poison {unknown}
 q - a scroll of silence {unknown}
Potions
 b - a potion of magic
 i - a potion of heal wounds {unknown}
 n - a potion of flight {unknown}


   Skills:
 + Level 2.7 Dodging
 + Level 2.3 Stealth
 + Level 3.5 Spellcasting
 + Level 2.2 Conjurations
 + Level 3.4 Fire Magic


You had 8 spell levels left.
You knew the following spells:

 Your Spells              Type           Power      Damage    Failure   Level
a - Foxfire               Conj/Fire      52%        2x1d6     4%          1
b - Scorch                Fire           30%        2d6       6%          2

Your spell library contained the following spells:

 Spells                   Type           Power      Damage    Failure   Level
 Inner Flame              Hex/Fire       9%         N/A       22%         3
 Kindle Blastsparks       Fire/Tloc/Air  14%        2d11      28%         3
 Flame Wave               Conj/Fire      13%        2d6       43%         4


Dungeon Overview and Level Annotations

Branches:
Dungeon (3/15)

Altars:
Elyvilon
Uskayaw
Vehumet


Innate Abilities, Weirdness & Mutations

You are too large for most types of armour.
You have tough skin. (AC +1)


Message History

The scorpion closely misses you.
You closely miss the scorpion.
The scorpion is moderately wounded.
You feel sick. The scorpion barely misses you.
You barely miss the scorpion.
The scorpion is moderately wounded.
You feel sick. The scorpion barely misses you.
You closely miss the scorpion.
The scorpion is moderately wounded.
You feel sick.
You closely miss the scorpion.
The scorpion is moderately wounded.
You feel sick. The scorpion stings you.
* * * LOW HITPOINT WARNING * * *
You are more poisoned.
The scorpion poisons you!
You closely miss the scorpion.
The scorpion is moderately wounded.
You feel sick. The scorpion stings you.
* * * LOW HITPOINT WARNING * * *
You are more poisoned.
The scorpion poisons you!
You closely miss the scorpion.
The scorpion is moderately wounded.
* * * LOW HITPOINT WARNING * * *
You feel very sick. The scorpion closely misses you.
Your magical contamination has completely faded away.
You punch the scorpion!
The scorpion is severely wounded.
* * * LOW HITPOINT WARNING * * *
You feel very sick.
You closely miss the scorpion.
The scorpion is severely wounded.
* * * LOW HITPOINT WARNING * * *
You feel very sick.
The scorpion stings you but does no damage.
You closely miss the scorpion.
The scorpion is severely wounded.
You die...

###########
#.........#
#######.........#
#...............#
#.#####.........#
#.# #####......##
#.# §§§≈§#........
#.#§§§§≈≈#......##
#@s..§.≈≈#........
#.'.≈.§.≈#......##
###§§.≈§≈#........
≈≈§≈≈≈#########
#######..#
###.....#
####...#..#######
#≈≈≈≈~~#.##_..._#
####...####≈#'#≈#


You could see a scorpion.

Vanquished Creatures
  An ogre (D:2)
  Ijyb (D:3)
  An adder (D:3)
  5 worms
  A dart slug (D:1)
  An orc (D:3)
  5 bats
  3 endoplasms (D:1)
  4 goblins
  4 hobgoblins
  3 jackals (D:1)
  3 kobolds
  A quokka (D:1)
  8 ball pythons
  3 frilled lizards
  6 rats
50 creatures vanquished.

Vanquished Creatures (others)
  285 foxfires
285 creatures vanquished.

Grand Total: 335 creatures vanquished

Notes
Turn   | Place    | Note
-------+----------+-------------------------------------------
     0 | D:1      | cforsyth the Ogre Fire Elementalist began the quest for the
                  | Orb.
     0 | D:1      | Reached XP level 1. HP: 16/16 MP: 3/3
    90 | D:1      | Reached skill level 1 in Conjurations
   206 | D:1      | Reached XP level 2. HP: 24/24 MP: 1/5
   645 | D:1      | Found a faded altar of an unknown god.
  1120 | D:1      | Reached XP level 3. HP: 26/31 MP: 4/7
  1493 | D:2      | Noticed an ogre
  1501 | D:2      | Killed an ogre
  1502 | D:2      | Reached XP level 4. HP: 39/39 MP: 0/8
  1502 | D:2      | Reached XP level 5. HP: 45/45 MP: 0/9
  3496 | D:3      | Found a hide-covered altar of Uskayaw.
  3599 | D:3      | Noticed Ijyb
  3607 | D:3      | Killed Ijyb
  3689 | D:3      | Learned a level 2 spell: Scorch
  3708 | D:3      | Identified the +8 mace of Inference {heavy, *Corrode rN+
                  | Dex+5}
  3830 | D:3      | Found a white marble altar of Elyvilon.
  3830 | D:3      | Found a radiant altar of Vehumet.
  3942 | D:3      | Became a worshipper of Vehumet
  4152 | D:3      | HP: 2/67 [poisoned by a scorpion]
  4153 | D:3      | Succumbed to a scorpion's poison

Illustrated notes

Levels and vault maps discovered:
D:1:      nzn_arrival_crosshair, layout_loops_cross,
          ebering_ecumenical_altar_webs, kennysheep_flooded_box
D:2:      layout_basic, nicolae_wormholes
D:3:      layout_basic, gammafunk_temple_overflow_elements,
          mainiacjoe_overflow_alcove_2, serial_rivers,
          chequers_serial_rivers_room_b, chequers_serial_rivers_micro_b,
          chequers_serial_rivers_small_a, chequers_serial_rivers_micro_b,
          chequers_serial_rivers_small_a, minmay_misc_feat_tower,
          nicolae_hexahallways, kennysheep_generic_room_12, uniq_ijyb

Skill      XL: |  1  2  3  4  5 |
---------------+----------------+-----
Conjurations   | 1 2 |  2.2
Dodging        | 2 |  2.7
Fire Magic     | 3 |  3.4
Stealth        | 2 |  2.3
Spellcasting   | 3 |  3.5

Action                     |  1- 3 |  4- 6 || total
---------------------------+-------+-------++-------
  Melee: Unarmed           |     3 |    10 ||    13
   Cast: Foxfire           |    69 |    99 ||   168
         Scorch            |       |     4 ||     4
    Use: Potion            |       |     1 ||     1
 Armour: Robe              |     9 |     7 ||    16
  Dodge: Dodged            |    10 |    11 ||    21

Table legend: (Time is in decaauts)
 A = Elapsed time spent in this place.
 B = Non-inter-level travel time spent in this place.
 C = Inter-level travel time spent in this place.
 D = Time resting spent in this place.
 E = Time spent auto-exploring this place.
 F = Levels seen in this place.
 G = Mean time per level.
                   A        B        C        D        E       F      G
               +--------+--------+--------+--------+--------+-----+--------+
         Total |   4149 |   4089 |     60 |    274 |   3410 |   3 | 1383.0 |
       Dungeon |   4149 |   4089 |     60 |    274 |   3410 |   3 | 1383.0 |
               +--------+--------+--------+--------+--------+-----+--------+

Top non-repeatable levels by time:
     D:1: 1768 daAuts
     D:2: 1273 daAuts
     D:3: 1108 daAuts
